 Dungeon Crawl Stone Soup version 0.27-a0-1301-g128193abf8 (webtiles) character file.

Game seed: 1746928550106715676

34430 freelancePsychic the Archer (level 13, -3/108 HPs)
             Began as a Demonspawn Artificer on June 17, 2021.
             Was a High Priest of Okawaru.
             Slain by a cane toad (15 damage)
             ... on level 5 of the Lair of Beasts on June 18, 2021.
             The game lasted 00:43:54 (22292 turns).

freelancePsychic the Archer (Demonspawn Artificer) Turns: 22292, Time: 00:43:55

Health: -3/108     AC: 20    Str: 17    XL:     13   Next: 42%
Magic:  13/15      EV: 16    Int: 12    God:    Okawaru [*****.]
Gold:   1025       SH:  0    Dex: 15    Spells: 12/12 levels left

rFire    . . .     SeeInvis +   b - +0 longbow
rCold    . . .     Faith    .   (shield currently unavailable)
rNeg     . . .     Spirit   .   H - +2 chain mail {rPois}
rPois    +         Reflect  .   y - +0 helmet
rElec    .         Harm     .   (no cloak)
rCorr    .         Rampage  .   C - +0 pair of gloves
Will     .....                  (boots unavailable)
Stlth    ..........             M - amulet of regeneration
HPRegen  1.28/turn              v - +4 ring of evasion
MPRegen  0.14/turn              J - ring of see invisible

@: about to teleport, heroic
A: hooves 3, molten scales 2, ignite blood 1
a: Renounce Religion, Heroism, Finesse


You were on level 5 of the Lair of Beasts.
You worshipped Okawaru.
Okawaru was extremely pleased with you.
You visited 3 branches of the dungeon, and saw 17 of its levels.
You also visited: Sewer and Bailey.

You collected 1025 gold pieces.

Inventory:

Hand Weapons
 a - a +5 fustibalus of freezing
 b - a +0 longbow (weapon)
 c - a +0 flail
 j - a +0 mace
Missiles
 o - 66 poisoned darts
 p - 4 atropa-tipped darts
 r - 117 sling bullets
 t - 7 javelins
 u - 130 arrows (quivered ammo)
Armour
 k - a +2 leather armour of willpower
 y - a +0 helmet (worn)
 C - a +0 pair of gloves (worn)
 H - a +2 chain mail of poison resistance (worn)
Jewellery
 i - a ring of magical power
 v - a +4 ring of evasion (left hand)
 D - a +6 ring of intelligence
 G - an amulet of magic regeneration
 J - a ring of see invisible (right hand)
 K - a ring of protection from fire
 L - a ring of protection from cold
 M - an amulet of regeneration (around neck)
 Q - a ring of poison resistance
 R - a +6 ring of intelligence
Wands
 d - a wand of charming (13)
 f - a wand of polymorph (5)
 n - a wand of acid (10)
 x - a wand of paralysis (23)
 A - a wand of flame (23)
 E - a wand of iceblast (2)
 W - a wand of mindburst (14)
Scrolls
 g - 4 scrolls of enchant armour
 l - a scroll of fear
 m - a scroll of fog
 w - 3 scrolls of summoning
 z - 2 scrolls of magic mapping
 U - 2 scrolls of teleportation {@r4}
 V - a scroll of identify {@r1}
 X - a scroll of holy word {unknown}
Potions
 h - 3 potions of flight
 q - a potion of magic
 s - a potion of berserk rage
 B - 10 potions of curing {@q1}
 F - 2 potions of degeneration {unknown}
 I - 2 potions of heal wounds {@q2}
 N - a potion of might
 O - 5 potions of resistance
 P - 3 potions of haste {@q3}
 S - a potion of attraction {unknown}
 T - a potion of invisibility {unknown}
Miscellaneous
 e - a piece from Xom's chessboard (15/15)


   Skills:
 + Level 12.2(17.2) Fighting
 - Level 3.9(9.1) Slings
 * Level 13.9(18.9) Bows
 - Level 1.5(8.0) Throwing
 - Level 7.3(12.3) Armour
 + Level 6.7(11.7) Dodging
 - Level 1.1(6.1) Stealth
 - Level 3.0 Invocations
 - Level 3.2 Evocations


You had 12 spell levels left.
You didn't know any spells.
Your spell library contained the following spells:

 Spells                   Type           Power      Damage    Failure   Level
 Animate Skeleton         Necr           0%         N/A       95%         1
 Apportation              Tloc           0%         N/A       95%         1
 Beastly Appendage        Tmut           0%         N/A       95%         1
 Corona                   Hex            0%         N/A       95%         1
 Sandblast                Erth           0%         2d4       95%         1
 Summon Small Mammal      Summ           0%         N/A       95%         1
 Passwall                 Tmut/Erth      0%         N/A       99%         2
 Wereblood                Tmut           0%         N/A       99%         2
 Spider Form              Tmut/Pois      0%         N/A       100%        3
 Stone Arrow              Conj/Erth      0%         3d7       100%        3
 Animate Armour           Summ/Erth      0%         N/A       100%        4
 Ice Form                 Ice/Tmut       0%         N/A       100%        4
 Leda's Liquefaction      Hex/Erth       0%         N/A       100%        4
 Petrify                  Tmut/Erth      0%         N/A       100%        4
 Bolt of Magma            Conj/Fire/Erth 0%         4d4       100%        5
 Lee's Rapid Deconstruct  Erth           0%         3d5*      100%        5
 Iron Shot                Conj/Erth      0%         9d1       100%        6
 Statue Form              Tmut/Erth      0%         N/A       100%        6
 Shatter                  Erth           0%         3d5*      100%        9


Dungeon Overview and Level Annotations

Branches:
Dungeon (10/15)            Temple (1/1) D:5            Lair (6/6) D:10
 Shoals (0/4) Lair:2       Spider (0/4) Lair:4        Slime (0/5) Lair:5
  Sewer (visited)          Bailey (visited)
    Orc: D:9-12

Altars:
Ashenzari
Cheibriados
Dithmenos
Elyvilon
Fedhas
Gozag
Hepliaklqana
Kikubaaqudgha
Makhleb
Nemelex Xobeh
Okawaru
Qazlal
Ru
Sif Muna
Trog
Uskayaw
Vehumet
Wu Jian
Xom
Yredelemnul
Zin
The Shining One
Jiyva

Annotations:
D:3 Ijyb
D:4 Natasha
Lair:3 exclusion: oklob plant
Lair:4 exclusion: 5 oklob plants


Innate Abilities, Weirdness & Mutations

You have hooves in place of feet.
You are mostly covered in molten scales. (AC +3)
Your demonic aura sometimes causes spilled blood to erupt in flames.


Message History

The eight-headed hydra barely misses you.
The cane toad stings you!
You are too injured to fight recklessly!
Fire: 132 arrows
Press: ? - help, Q - select action, (/) - cycle Shift-Dir - straight line, f - eight-headed hydra
Aim: an eight-headed hydra (85% to hit)
You shoot an arrow.
The arrow barely misses the eight-headed hydra.
The ice encasing you melts away. The cane toad misses you.
The eight-headed hydra bites you!
The eight-headed hydra bites you but does no damage.
The eight-headed hydra bites you! The eight-headed hydra bites you.
The eight-headed hydra bites you but does no damage.
The eight-headed hydra closely misses you.
The eight-headed hydra bites you!
* * * LOW HITPOINT WARNING * * *
The eight-headed hydra closely misses you.
Fire: 131 arrows
Press: ? - help, Q - select action, (/) - cycle Shift-Dir - straight line, f/p - eight-headed hydra
Aim: an eight-headed hydra (85% to hit)
You shoot an arrow. The arrow hits the eight-headed hydra!!
The eight-headed hydra is moderately wounded.
The cane toad completely misses you.
The eight-headed hydra is engulfed in blazing flames.
The eight-headed hydra bites you but does no damage.
The eight-headed hydra misses you.
The eight-headed hydra bites you but does no damage.
The eight-headed hydra bites you!
* * * LOW HITPOINT WARNING * * *
The eight-headed hydra completely misses you.
The eight-headed hydra closely misses you.
The eight-headed hydra bites you.
* * * LOW HITPOINT WARNING * * *
The eight-headed hydra bites you but does no damage.
The cane toad stings you.
* * * LOW HITPOINT WARNING * * *
The eight-headed hydra is engulfed in blazing flames.
As you read the scroll of teleportation {@r4}, it crumbles to dust.
You feel strangely unstable. The cane toad stings you!
You die...

.................................
.............................)...
.##.###.......................<..
..######.......#.###..##.........
.####..###.....####...#..........
..##...##.(....####..###...}.....
.###.....+.......#.......>....P..
..P#........................."...
..###.P###...(.#@...#........##..
..P##.####...†D°F...#........##..
....P.P##...<...P......#......#..
.................................
...................>.............
.................................
.................................
............................P....
.####.#.P.......##...##.....P#...


You could see an eight-headed hydra and a cane toad.

Vanquished Creatures
  7 hydras
  A centaur warrior (D:10)
  3 two-headed ogres
  Urug (D:10)
  3 oklob plants (Lair:4)
  A cyclops (D:7)
  10 elephants
  Joseph (D:8)
  2 torpor snails (Lair:1)
  6 black mambas
  9 cane toads
  6 rime drakes
  4 komodo dragons
  A meliai (D:10)
  2 hornets (D:8)
  3 polar bears
  9 blink frogs
  2 redbacks (Lair:4)
  17 yaks
  A wyvern (Lair:4)
  Grum (D:8)
  7 basilisks
  2 steam dragons
  12 water moccasins
  6 orc warriors
  An ice beast (D:5)
  2 black bears
  2 sky beasts (D:8)
  A necrophage (D:6)
  14 wolves
  5 centaurs
  An ogre (D:7)
  2 kobold brigands
  7 bullfrogs
  3 gnoll sergeants (Bailey)
  3 scorpions
  2 howler monkeys
  An electric eel (Lair:4)
  2 centaur zombies
  7 hounds
  2 jellies (Lair:5)
  2 centaur skeletons (D:7)
  2 gnoll shamans (Bailey)
  7 orc priests
  3 iguanas
  Terence (D:3)
  7 orc wizards
  A scorpion zombie (D:5)
  7 hell rats
  11 gnolls
  An adder (D:2)
  4 river rats
  4 white imps
  An ufetubus (D:7)
  2 worms
  22 orcs
  3 ball pythons
  8 endoplasms
  9 giant cockroaches
  5 goblins
  4 hobgoblins
  10 jackals
  2 quokkas
  4 bats
  4 frilled lizards
  13 kobolds
  6 rats
315 creatures vanquished.

Vanquished Creatures (collateral kills)
  A shadow (D:10)
  A yak (D:10)
  3 wolves (Lair:1)
  A kobold (D:7)
6 creatures vanquished.

Vanquished Creatures (others)
  A jackal (D:2)
  15 fungi
  16 plants
32 creatures vanquished.

Grand Total: 353 creatures vanquished

Notes
Turn   | Place    | Note
-------+----------+-------------------------------------------
     0 | D:1      | freelancePsychic the Demonspawn Artificer began the quest
                  | for the Orb.
     0 | D:1      | Reached XP level 1. HP: 15/15 MP: 1/1
    55 | D:1      | Reached skill level 1 in Dodging
    55 | D:1      | Reached skill level 1 in Stealth
   292 | D:1      | Gained mutation: Your demonic aura sometimes causes spilled
                  | blood to erupt in flames. [demonic ancestry]
   292 | D:1      | Reached XP level 2. HP: 14/21 MP: 2/2
   991 | D:2      | Found a faded altar of an unknown god.
  1384 | D:2      | Reached XP level 3. HP: 27/27 MP: 3/3
  2360 | D:3      | Noticed Ijyb
  2372 | D:3      | Noticed Terence
  2402 | D:3      | Killed Terence
  2403 | D:3      | Reached XP level 4. HP: 6/34 MP: 4/4
  3074 | D:3      | Reached skill level 1 in Throwing
  3214 | D:3      | Gained mutation: You are partially covered in molten
                  | scales. (AC +2) [demonic ancestry]
  3214 | D:3      | Reached XP level 5. HP: 40/41 MP: 5/5
  4474 | D:4      | Reached skill level 1 in Slings
  4739 | D:4      | Noticed Natasha
  4898 | D:5      | Entered Level 5 of the Dungeon
  4971 | D:5      | Noticed an ice beast
  5009 | D:5      | Reached XP level 6. HP: 37/48 MP: 6/6
  5031 | D:5      | Found a glowing drain.
  5035 | Sewer    | Entered a sewer
  5551 | D:5      | Killed an ice beast
  5667 | D:5      | Reached skill level 5 in Fighting
  5901 | D:5      | Found a staircase to the Ecumenical Temple.
  5917 | D:5      | Gained mutation: You have large cloven feet. [demonic
                  | ancestry]
  5917 | D:5      | Reached XP level 7. HP: 28/56 MP: 7/7
  5930 | Temple   | Entered the Ecumenical Temple
  6640 | D:5      | Noticed a vampire
  7079 | D:6      | Reached skill level 1 in Bows
  7496 | D:6      | Reached skill level 2 in Bows
  7565 | D:6      | Found an ornate altar of the Wu Jian Council.
  7566 | D:6      | Found an iron altar of Okawaru.
  7568 | D:6      | Found a basalt altar of Yredelemnul.
  7572 | D:6      | Became a worshipper of Warmaster Okawaru
  7796 | D:7      | Found a flagged portal.
  7801 | D:7      | Reached XP level 8. HP: 65/65 MP: 8/8
  7818 | Bailey   | Entered a bailey
  8166 | Bailey   | Reached skill level 3 in Bows
  8196 | Bailey   | Reached * piety under Okawaru
  8402 | Bailey   | Reached skill level 1 in Invocations
  8645 | D:7      | Noticed a cyclops
  8666 | D:7      | HP: 3/67 [something] (7)]
  9088 | D:7      | Reached skill level 4 in Bows
  9436 | D:7      | Reached skill level 5 in Bows
  9997 | D:7      | Found a hazy altar of Hepliaklqana.
  9999 | D:7      | Found a blossoming altar of Fedhas.
 10049 | D:7      | Killed a cyclops
 10049 | D:7      | Reached ** piety under Okawaru
 10050 | D:7      | Reached skill level 6 in Bows
 10050 | D:7      | Gained mutation: You have hoof-like feet. [demonic
                  | ancestry]
 10050 | D:7      | Reached XP level 9. HP: 71/72 MP: 8/11
 10884 | D:8      | Reached skill level 7 in Bows
 11264 | D:8      | Noticed a two-headed ogre
 11297 | D:8      | Killed a two-headed ogre
 11297 | D:8      | Reached *** piety under Okawaru
 11381 | D:8      | Noticed Joseph
 11391 | D:8      | Killed Joseph
 11392 | D:8      | Reached skill level 8 in Bows
 11392 | D:8      | Reached XP level 10. HP: 59/81 MP: 9/12
 11687 | D:8      | Reached **** piety under Okawaru
 11758 | D:8      | Noticed Grum
 11780 | D:8      | Killed Grum
 12694 | D:9      | Noticed a two-headed ogre
 12706 | D:9      | Killed a two-headed ogre
 12706 | D:9      | Received a gift from Okawaru
 12707 | D:9      | Reached skill level 9 in Bows
 13151 | D:9      | Found a bloodstained altar of Trog.
 13346 | D:10     | Entered Level 10 of the Dungeon
 13346 | D:10     | Noticed a centaur warrior
 13347 | D:10     | Noticed a two-headed ogre
 13391 | D:9      | Reached ***** piety under Okawaru
 13396 | D:9      | Received a gift from Okawaru
 13538 | D:9      | Killed a two-headed ogre
 13539 | D:9      | Reached skill level 10 in Bows
 13539 | D:9      | Gained mutation: You have hooves in place of feet. [demonic
                  | ancestry]
 13539 | D:9      | Reached XP level 11. HP: 32/89 MP: 11/13
 13794 | D:10     | Killed a centaur warrior
 13982 | D:10     | Noticed Urug
 14079 | D:10     | Received a gift from Okawaru
 14109 | D:10     | Killed Urug
 14263 | D:10     | Reached skill level 5 in Armour
 14496 | D:10     | Found a staircase to the Lair.
 14564 | D:10     | Noticed a harpy
 14564 | D:10     | a hornet changed into a harpy
 14565 | D:10     | a harpy changed into a meliai
 15131 | Lair:1   | Entered Level 1 of the Lair of Beasts
 15138 | Lair:1   | Reached skill level 10 in Fighting
 15240 | Lair:1   | Noticed a six-headed hydra
 15265 | Lair:1   | Reached skill level 11 in Bows
 15266 | Lair:1   | Received a gift from Okawaru
 15680 | Lair:1   | Noticed an eight-headed hydra
 15687 | Lair:1   | Killed an eight-headed hydra
 16199 | Lair:1   | Found a snail-covered altar of Cheibriados.
 16799 | Lair:1   | Killed a six-headed hydra
 16800 | Lair:1   | Gained mutation: You are mostly covered in molten scales.
                  | (AC +3) [demonic ancestry]
 16800 | Lair:1   | Reached XP level 12. HP: 99/99 MP: 14/14
 16920 | Lair:2   | Noticed a four-headed hydra
 16928 | Lair:2   | Killed a four-headed hydra
 17018 | Lair:2   | Identified the +8 spear of Calculation {flame, *Slow rF+
                  | rN++ rCorr}
 17057 | Lair:2   | Received a gift from Okawaru
 17062 | Lair:2   | Found a staircase to the Shoals.
 17188 | Lair:2   | Reached skill level 12 in Bows
 17489 | Lair:2   | Received a gift from Okawaru
 18628 | Lair:3   | Noticed a four-headed hydra
 18638 | Lair:3   | Killed a four-headed hydra
 18638 | Lair:3   | Reached ****** piety under Okawaru
 18638 | Lair:3   | Identified the +0 ring mail of Beyond {Str+5} (Okawaru
                  | gifted it to you on level 3 of the Lair of Beasts)
 18638 | Lair:3   | Received a gift from Okawaru
 18639 | Lair:3   | Reached skill level 5 in Dodging
 19022 | Lair:3   | Identified the +9 falchion of the Twisting Messenger
                  | {drain, rC- rN+ Will++ rCorr}
 19645 | Lair:3   | Noticed an eight-headed hydra
 19652 | Lair:3   | Killed an eight-headed hydra
 19653 | Lair:3   | Reached skill level 13 in Bows
 20487 | Lair:4   | Reached XP level 13. HP: 107/107 MP: 13/15
 20798 | Lair:4   | Found a hole to the Spider Nest.
 21544 | Lair:5   | Received a gift from Okawaru
 21555 | Lair:5   | Received a gift from Okawaru
 22002 | Lair:5   | Found a runed translucent door.
 22003 | Lair:5   | Found a viscous altar of Jiyva.
 22044 | Lair:5   | Found a staircase to the Slime Pits.
 22267 | Lair:6   | Entered Level 6 of the Lair of Beasts
 22292 | Lair:5   | Slain by a cane toad

Illustrated notes

Levels and vault maps discovered:
D:1:      scummos_arrival_checkerplants, layout_rooms
D:2:      layout_basic, shapermc_ecumenical_altar_mp_ritualfount
D:3:      layout_loops_ring, uniq_ijyb, uniq_terence
D:4:      layout_basic, uniq_natasha
D:5:      layout_loops_corners, minmay_temple_entry_hall, gup_sewer_entry_bowl
D:6:      layout_basic, grunt_temple_overflow_open
D:7:      layout_loops_ring, chequers_temple_overflow_statue_of_worship,
          enter_bailey_2
D:8:      layout_loops_corners, uniq_joseph, uniq_grum
D:9:      layout_cave_pools, trog_butcher_becter
D:10:     layout_small_grid, david_lair_generic, uniq_urug
Temple:   eino_temple_scatter_basement
Lair:1:   layout_chaotic_city, kennysheep_snail_temple, serial_bayou_shore_b
Lair:2:   layout_cave_shapes, shoals_dummy_entry
Lair:3:   layout_regular_city, wad_woods_road_03, st_stairs_12,
          grunt_megastairs_1, serial_bayou_shore_b, lemuel_fruit_tree
Lair:4:   layout_big_grid, spider_nest_entry_webs, dpeg_oklob_1,
          infiniplex_staircase_pool, minmay_lair_oklob_chamber
Lair:5:   layout_regular_city, slime_altar_2, grunt_forest_small_clearing_treed
Lair:6:   grunt_lair_end_beastmaster, layout_gridlike,
          nzn_masters_of_martial_movement, infiniplex_staircase_pool_2,
          serial_bayou_shore_a, grunt_megastairs_5

Skill      XL: |  1  2  3  4  5  6  7  8  9 10 11 12 13 |
---------------+----------------------------------------+-----
Dodging        | 1 2 3 4 5 6 |  6.7
Stealth        | 1 |  1.1
Fighting       | 2 3 4 5 6 7 8 9 10 11 12 | 12.2
Throwing       | 1 |  1.5
Slings         | 1 3 |  3.9
Bows           | 2 6 8 10 11 13 | 13.9
Invocations    | 3 |  3.0
Armour         | 4 6 7 |  7.3
Evocations     | |  3.2

Action                   |  1- 3 |  4- 6 |  7- 9 | 10-12 | 13-15 || total
-------------------------+-------+-------+-------+-------+-------++-------
Melee: Club              |    92 |       |       |       |       ||    92
       Mace              |    41 |     2 |     6 |       |       ||    49
       Flail             |       |    59 |       |       |       ||    59
 Fire: Hunting sling     |       |   161 |   167 |     4 |       ||   332
       Shortbow          |       |       |   235 |   159 |       ||   394
       Longbow           |       |       |       |   446 |   186 ||   632
Throw: Dart              |     7 |    12 |    31 |    52 |       ||   102
       Javelin           |     2 |    12 |     6 |       |       ||    20
       Throwing net      |       |       |     3 |       |       ||     3
Invok: Heroism           |       |       |     5 |     6 |     4 ||    15
Evoke: Piece from Xom's  |    12 |       |     5 |       |       ||    17
       Wand              |    17 |     3 |     7 |    16 |       ||    43
  Use: Scroll            |     3 |     5 |     3 |    13 |     1 ||    25
       Potion            |       |       |    13 |       |       ||    13
 Stab: Petrified         |     2 |       |       |       |       ||     2
       Betrayed ally     |       |       |     1 |       |       ||     1
Armor: Leather armour    |    55 |    82 |    85 |     1 |       ||   223
       Skin              |       |       |    53 |       |       ||    53
       Chain mail        |       |       |       |   237 |    60 ||   297
Dodge: Dodged            |    98 |   128 |   142 |   320 |   114 ||   802

Table legend: (Time is in decaauts)
 A = Elapsed time spent in this place.
 B = Non-inter-level travel time spent in this place.
 C = Inter-level travel time spent in this place.
 D = Time resting spent in this place.
 E = Time spent auto-exploring this place.
 F = Levels seen in this place.
 G = Mean time per level.
                   A        B        C        D        E       F      G
               +--------+--------+--------+--------+--------+-----+--------+
         Total |  22455 |  21688 |    767 |   1826 |  16341 |  19 | 1181.8 |
       Dungeon |  13654 |  13189 |    465 |   1160 |   9831 |  10 | 1365.4 |
        Temple |    366 |    346 |     20 |      0 |    346 |   1 |  366.0 |
          Lair |   7231 |   6949 |    282 |    522 |   5391 |   6 | 1205.2 |
         Sewer |    541 |    541 |      0 |      0 |    474 |   1 |  541.0 |
        Bailey |    662 |    662 |      0 |    143 |    298 |   1 |  662.0 |
               +--------+--------+--------+--------+--------+-----+--------+

Top non-repeatable levels by time:
  Lair:3: 1945 daAuts
     D:7: 1840 daAuts
  Lair:1: 1827 daAuts
     D:8: 1797 daAuts
     D:2: 1718 daAuts
  Lair:2: 1562 daAuts
     D:9: 1434 daAuts
     D:6: 1392 daAuts
     D:3: 1218 daAuts
    D:10: 1191 daAuts
     D:4: 1054 daAuts
     D:5: 1017 daAuts
     D:1: 987 daAuts
  Lair:4: 984 daAuts
  Lair:5: 905 daAuts
